[Event "N1 Reykjavik Open 2014"]
[Site "Reykjavik, Iceland"]
[Date "2014.03.06"]
[Round "4.1"]
[White "Hansen, Eric"]
[Black "Berkes, Ferenc"]
[Result "1-0"]
[WhiteElo "2587"]
[BlackElo "2687"]
[ECO "C41"]
[EventDate "2014.??.??"]
[PlyCount "85"]
[TimeControl "6000+1275"]
[WhiteClock "0:29:02"]
[BlackClock "0:19:25"]

1.e4 d6 2.d4 Nf6 3.Nc3 e5 4.Nf3 Nbd7 5.Bc4 exd4 6.Qxd4 Be7 7.O-O O-O 8.h3 
Nb6 9.Bb3 Nfd7 10.Be3 Nc5 11.Qd2 c6 12.Rad1 Nxb3 13.axb3 Be6 14.Nd4 d5 15.
exd5 Bxd5 16.Nf5 Bf6 17.Bxb6 axb6 18.Nxd5 cxd5 19.c3 Re8 20.Ne3 d4 21.cxd4
Ra2 22.Qd3 Rxb2 23.d5 Ra2 24.d6 Qd7 25.Nc4 Bd8 26.Rfe1 g6 27.Ne5 Qf5 28.
Qxf5 gxf5 29.Rc1 Kg7 30.d7 Rg8 31.Nf3 Ra5 32.Re8 Rd5 33.Ne5 Rf8 34.Rc3 f4 
35.Rd3 Rc5 36.Nc4 Rc7 37.Re4 f5 38.Re8 Kg8 39.Rd6 b5 40.Ne5 Rc1+ 41.Kh2 
Rc3 42.Rde6 Bh4 43.Nf3 1-0

[Event "N1 Reykjavik Open 2014"]
[Site "Reykjavik, Iceland"]
[Date "2014.03.06"]
[Round "4.2"]
[White "Rapport, Richard"]
[Black "Ramirez, Alejandro"]
[Result "1-0"]
[WhiteElo "2681"]
[BlackElo "2599"]
[ECO "A06"]
[EventDate "2014.??.??"]
[PlyCount "101"]
[TimeControl "5400+1815"]
[WhiteClock "0:34:49"]
[BlackClock "0:19:21"]

1.Nf3 d5 2.b3 Bg4 3.Ne5 Bf5 4.e3 Nd7 5.Nxd7 Qxd7 6.Bb2 e6 7.d3 Ne7 8.Nd2 
Nc6 9.a3 Bg6 10.g3 f6 11.Bg2 Be7 12.Qe2 a5 13.O-O O-O 14.Nf3 Bh5 15.d4 
Rad8 16.Rfe1 Rfe8 17.Rac1 Bf8 18.Ne5 Bxe2 19.Nxd7 Bh5 20.Nxf8 Kxf8 21.c4 
Bf7 22.cxd5 exd5 23.Rc5 Rd6 24.Rec1 Ra8 25.a4 Rdd8 26.Ba3 Kg8 27.g4 Be6 
28.h3 Bf7 29.Kh2 Rd7 30.Kg3 h6 31.Bf1 Rdd8 32.Bd3 Be8 33.f4 g6 34.f5 g5 
35.Be2 Kg7 36.Kf2 Bf7 37.Bb5 Be8 38.e4 dxe4 39.d5 Ne5 40.Rxc7+ Kg8 41.Bxe8
Rxe8 42.Ke3 Nd3 43.R1c2 Nf4 44.Rd2 Re5 45.Rd7 Nd3 46.Be7 Kf7 47.Bd6+ Ke8 
48.Rh7 Rxd5 49.Ba3 Rad8 50.Re7+ Kf8 51.Rd7+ 1-0

[Event "N1 Reykjavik Open 2014"]
[Site "Reykjavik, Iceland"]
[Date "2014.03.06"]
[Round "4.3"]
[White "Harika, Dronavalli"]
[Black "Amin, Bassem"]
[Result "1/2-1/2"]
[WhiteElo "2487"]
[BlackElo "2657"]
[ECO "E59"]
[EventDate "2014.??.??"]
[PlyCount "91"]
[TimeControl "6000+2510"]
[WhiteClock "0:17:24"]
[BlackClock "0:03:51"]

1.d4 Nf6 2.c4 e6 3.Nc3 Bb4 4.e3 c5 5.Nf3 O-O 6.Bd3 d5 7.O-O Nc6 8.a3 Bxc3 
9.bxc3 dxc4 10.Bxc4 Qc7 11.Bb2 e5 12.h3 e4 13.Nd2 Re8 14.a4 Na5 15.Bb5 Rd8
16.Be2 Bf5 17.c4 Nc6 18.d5 Ne5 19.f4 exf3 20.Nxf3 Ned7 21.Bd3 Bg6 22.Bxg6 
hxg6 23.Qd3 Re8 24.Rae1 Ne4 25.Nd2 Nxd2 26.Qxd2 Re4 27.Rf4 Rae8 28.Ref1 f6
29.Rxe4 Rxe4 30.Rf4 Rxf4 31.exf4 Nb6 32.d6 Qc6 33.a5 Nd7 34.Qd3 Kf7 35.g4 
Nf8 36.f5 gxf5 37.gxf5 Nd7 38.Bc3 Kf8 39.Kh2 b6 40.axb6 Nxb6 41.Bd2 Qe8 
42.Kg3 Qf7 43.Qe3 Qxc4 44.Qe7+ Kg8 45.Qe8+ Kh7 46.Qh5+ 1/2-1/2

[Event "N1 Reykjavik Open 2014"]
[Site "Reykjavik, Iceland"]
[Date "2014.03.06"]
[Round "4.4"]
[White "L'ami, Erwin"]
[Black "Panjwani, Raja"]
[Result "1-0"]
[WhiteElo "2646"]
[BlackElo "2460"]
[ECO "D38"]
[EventDate "2014.??.??"]
[PlyCount "75"]
[TimeControl "6000+965"]
[WhiteClock "0:26:03"]
[BlackClock "0:16:11"]

1.d4 d5 2.c4 e6 3.Nf3 Nf6 4.Nc3 Bb4 5.cxd5 exd5 6.Bg5 h6 7.Bh4 Nbd7 8.e3 
g5 9.Bg3 Ne4 10.Nd2 Nxg3 11.hxg3 Nb6 12.a3 Bf8 13.Bd3 c6 14.Qc2 Be6 15.
O-O-O Qe7 16.Nb3 O-O-O 17.Nc5 Kb8 18.Kb1 Bg7 19.Rc1 h5 20.N3a4 Nc4 21.Nxe6
fxe6 22.Bxc4 dxc4 23.Qe4 e5 24.f4 h4 25.fxe5 hxg3 26.Rxh8 Bxh8 27.Rxc4 
Bxe5 28.Qxe5+ Qxe5 29.dxe5 b5 30.Rb4 a5 31.Rd4 Rxd4 32.exd4 bxa4 33.Kc2 
Kc7 34.Kd3 Kd7 35.Kc4 Kd8 36.Kc5 Kc7 37.e6 g4 38.d5 1-0

[Event "N1 Reykjavik Open 2014"]
[Site "Reykjavik, Iceland"]
[Date "2014.03.06"]
[Round "4.16"]
[White "Prosviriakov, Vladimir"]
[Black "Danielsen, Henrik"]
[Result "1/2-1/2"]
[WhiteElo "2269"]
[BlackElo "2501"]
[ECO "E62"]
[EventDate "2014.??.??"]
[PlyCount "106"]
[TimeControl "6000+825"]
[WhiteClock "0:32:21"]
[BlackClock "0:49:13"]

1.d4 Nf6 2.Nf3 d6 3.g3 g6 4.Bg2 Bg7 5.O-O O-O 6.c4 Nc6 7.Nc3 Bg4 8.Bg5 h6 
9.Be3 e5 10.dxe5 dxe5 11.Qc1 Kh7 12.Rd1 Qc8 13.Nd5 Ng8 14.Qc2 Re8 15.Rd2 
Bxf3 16.Bxf3 Nd4 17.Bxd4 exd4 18.c5 c6 19.Nf4 Qc7 20.Rb1 a5 21.Qc4 Be5 22.
Nd3 Bg7 23.Nf4 Be5 24.Nd3 Bf6 25.b4 axb4 26.Qxb4 Re7 27.Rdb2 Qd8 28.Qc4 
Ra7 29.Qc2 Kg7 30.Rb4 Qc8 31.R1b2 h5 32.h4 Nh6 33.Qb1 Ng4 34.Bxg4 hxg4 35.
Qc1 Qe8 36.Kf1 Qd7 37.a4 Qf5 38.Qb1 Qc8 39.Qc1 Qc7 40.R2b3 Rd7 41.Qf4 Qxf4
42.Nxf4 Be7 43.Nd3 f6 44.Rc4 f5 45.Ke1 Bd8 46.Kd1 Bc7 47.Rbb4 Ba5 48.Rxd4 
Re7 49.Rb3 Bc7 50.Rdb4 Ba5 51.Rd4 Bc7 52.Rdb4 Ba5 53.Rd4 Bc7 1/2-1/2

[Event "N1 Reykjavik Open 2014"]
[Site "Reykjavik, Iceland"]
[Date "2014.03.06"]
[Round "4.17"]
[White "Idani, Pouya"]
[Black "Gislason, Gudmundur"]
[Result "1-0"]
[WhiteElo "2496"]
[BlackElo "2314"]
[ECO "B42"]
[EventDate "2014.??.??"]
[PlyCount "81"]
[TimeControl "6000+930"]
[WhiteClock "0:53:09"]
[BlackClock "0:30:44"]

1.e4 c5 2.Nf3 e6 3.d4 cxd4 4.Nxd4 a6 5.Bd3 Bc5 6.Nb3 Be7 7.Qg4 g6 8.Qe2 d6
9.O-O Nc6 10.a4 Ne5 11.h3 Bd7 12.Nc3 Nxd3 13.Qxd3 Qc7 14.Rd1 Rc8 15.a5 Bc6
16.Bf4 Nf6 17.Nd4 Qb8 18.Nxc6 Rxc6 19.Bg5 h6 20.Be3 Bf8 21.Bd4 Bg7 22.Qf3 
e5 23.Bb6 O-O 24.Qd3 Kh7 25.Na2 Qc8 26.c3 Nh5 27.Nb4 Nf4 28.Qf3 Rc4 29.
Rxd6 f5 30.exf5 Qxf5 31.Nd3 Rf7 32.Rd1 Bf8 33.Rd8 Be7 34.Re8 g5 35.Nxf4 
Rxf4 36.Qd3 e4 37.Qd5 Rxf2 38.Bxf2 Qxf2+ 39.Kh1 Qf4 40.Qe6 Bc5 41.Qxe4+ 
1-0

[Event "N1 Reykjavik Open 2014"]
[Site "Reykjavik, Iceland"]
[Date "2014.03.06"]
[Round "4.18"]
[White "Klundt, Klaus"]
[Black "Urkedal, Frode"]
[Result "0-1"]
[WhiteElo "2341"]
[BlackElo "2495"]
[ECO "C91"]
[EventDate "2014.??.??"]
[PlyCount "92"]
[TimeControl "6000+815"]
[WhiteClock "0:48:49"]
[BlackClock "0:19:59"]

1.e4 e5 2.Nf3 Nc6 3.Bb5 a6 4.Ba4 Nf6 5.O-O Be7 6.Re1 b5 7.Bb3 d6 8.c3 O-O 
9.d4 Bg4 10.d5 Na5 11.Bc2 Qc8 12.Nbd2 c6 13.b4 Nb7 14.dxc6 Qxc6 15.Bb2 a5 
16.Bd3 Rfb8 17.Qe2 Nd8 18.Nb3 a4 19.Na5 Qe8 20.Bc1 Ne6 21.h3 Bh5 22.Bd2 
Bd8 23.Rab1 h6 24.g4 Bg6 25.Nh2 Ng5 26.Bxg5 hxg5 27.Nf1 Nh7 28.c4 Bxa5 29.
bxa5 bxc4 30.Bxc4 Rxa5 31.Ng3 Nf6 32.Rbd1 Qc6 33.Qd2 Rc5 34.Bd5 Nxd5 35.
exd5 Qb6 36.Qxg5 Rc2 37.Rd2 Qb4 38.Ree2 Rxd2 39.Rxd2 Qc3 40.Qe3 Rb1+ 41.
Kg2 Qc4 42.f3 Qc1 43.Ne2 Qh1+ 44.Kg3 Qe1+ 45.Kg2 a3 46.Qc3 Rd1 0-1